 Dungeon Crawl Stone Soup version 0.17.0-28-g6e173f8 (webtiles) character file.

188 PossumBlood the Conjurer (level 5, 0/28 HPs)
             Began as a Deep Elf Conjurer on Nov 26, 2015.
             Slain by an orc wizard
             ... wielding a +0 dagger
              (4 damage)
             ... on level 4 of the Dungeon.
             The game lasted 00:17:40 (3100 turns).

PossumBlood the Conjurer (Deep Elf Conjurer)        Turns: 3100, Time: 00:17:40

Health: 0/28       AC:  7    Str:  5      XL:     5   Next: 39%
Magic:  7/11       EV: 13    Int: 19 (21) God:
Gold:   143        SH:  0    Dex: 15      Spells: 1 memorised, 9 levels left

rFire  . . .     SeeInvis .     o - staff of air
rCold  . . .     Clarity  .     q - +2 robe {rN+}
rNeg   + . .     SustAt   .     (no shield)
rPois  .         Gourm    .     (no helmet)
rElec  +         Spirit   .     (no cloak)
rCorr  .         Warding  .     (no gloves)
rMut   .         Stasis   .     l - +2 pair of boots
MR     .....                    (no amulet)
Stlth  ++........               (no ring)
                                (no ring)

@: not resistant to hostile enchantments, unstealthy
A: talons 1
a: no special abilities


You were on level 4 of the Dungeon.
You were hungry.

You visited 1 branch of the dungeon, and saw 4 of its levels.

You collected 143 gold pieces.

Inventory:

Hand Weapons
 n - a +1 dagger
Armour
 l - a +2 pair of boots (worn)
 q - a +2 robe of positive energy (worn)
Magical Staves
 o - an uncursed staff of air (weapon)
Wands
 d - a wand of random effects (43)
Scrolls
 a - a scroll of remove curse
 e - 6 scrolls of identify
 h - 2 scrolls of fog
Potions
 g - a potion of degeneration
 p - a potion of lignification
Books
 b - a book of Conjurations

   Spells                             Type                      Level
   a - Magic Dart                     Conjuration                  1
   b - Searing Ray                    Conjuration                  2
   c - Dazzling Spray                 Conjuration/Hexes            3
   d - Fulminant Prism                Conjuration/Hexes            4
   e - Iskenderun's Mystic Blast      Conjuration                  4
   f - Iskenderun's Battlesphere      Conjuration/Charms           5
Comestibles
 c - 4 bread rations
 i - a slice of pizza
 j - 2 meat rations
 k - 3 fruits


   Skills:
 - Level 2.4 Dodging
 - Level 2.4 Stealth
 - Level 3.0 Spellcasting
 + Level 7.4 Conjurations


You had 9 spell levels left.
You knew the following spells:

 Your Spells              Type           Power        Failure   Level  Hunger
a - Magic Dart            Conj           ####         1%          1    None


Dungeon Overview and Level Annotations

Branches:
Dungeon (4/15)
 Temple: D:4-7

Altars:
Nemelex Xobeh
The Shining One


Innate Abilities, Weirdness & Mutations

You have sharp toenails.


Message History

Aim: a hound skeleton The hound skeleton is unaffected.
Evoking this partially-identified wand wasted a few charges.
The hound skeleton bites you.
* * * LOW HITPOINT WARNING * * *
Something hits your iguana but does no damage.
Casting: Magic Dart
Confirm with . or Enter, or press ? or * to list all spells.
Aiming: Magic Dart
Press: ? - help, Shift-Dir - straight line, f/p - hound skeleton
Aim: a hound skeleton The magic dart hits the hound skeleton.
The hound skeleton closely misses you.
Casting: Magic Dart
Confirm with . or Enter, or press ? or * to list all spells.
Aiming: Magic Dart
Press: ? - help, Shift-Dir - straight line, f/p - hound skeleton
Aim: a hound skeleton The magic dart hits the hound skeleton.
The hound skeleton misses you. Something hits you.
You die...

#...........#..#..# . #
#...........))).... ....
#..................
.....##.................#
.............(........[.#
......#..........#.......
.....##..........#....##.
.... #.....l....#....#
... #..###@>###..##.# ##
#.##.Z......## .#
#....##..#### #.###....##
#Z###.#...# #....Z.รท.$#
#...####....# #..###
##..... #.## #....


You could see a hound skeleton and a friendly iguana.

Vanquished Creatures
  2 orc priests
  Jessica (D:2)
  2 adders (D:3)
  An ooze (D:2)
  2 worms
  2 giant geckos
  7 orcs
  9 bats
  4 giant cockroaches
  6 goblins
  4 hobgoblins (D:1)
  2 quokkas
  A ball python (D:3)
  A giant newt (D:2)
  9 kobolds
  8 rats
61 creatures vanquished.

Notes
Turn   | Place    | Note
--------------------------------------------------------------
     0 | D:1      | PossumBlood the Deep Elf Conjurer began the quest for the Orb.
     0 | D:1      | Reached XP level 1. HP: 10/10 MP: 6/6
   115 | D:1      | Reached XP level 2. HP: 15/15 MP: 1/8
   208 | D:1      | Found a sparkling altar of Nemelex Xobeh.
   257 | D:1      | Reached skill level 5 in Conjurations
  1058 | D:2      | Reached XP level 3. HP: 19/19 MP: 6/9
  1232 | D:2      | Noticed Jessica
  1234 | D:2      | Killed Jessica
  1400 | D:2      | Reached skill level 6 in Conjurations
  1635 | D:3      | Reached XP level 4. HP: 24/24 MP: 6/10
  2531 | D:3      | Reached skill level 7 in Conjurations
  2531 | D:3      | Reached XP level 5. HP: 28/28 MP: 4/11
  2706 | D:3      | Found a glowing golden altar of the Shining One.
  2820 | D:4      | Gained mutation: You have sharp toenails. [potion of beneficial mutation]
  3100 | D:4      | Slain by an orc wizard

Action                   |  1- 3 |  4- 6 || total
-------------------------+-------+-------++-------
Melee: Staff             |       |     6 ||     6
 Cast: Magic Dart        |    78 |    71 ||   149
Evoke: Wand              |       |     2 ||     2
  Use: Scroll            |     8 |     4 ||    12
       Potion            |       |     6 ||     6
  Eat: Bread ration      |     1 |       ||     1
       Pizza             |       |     1 ||     1
